 Dungeon Crawl Stone Soup version 0.30-a0-242-g7bf8e6d787 (webtiles) character file.

Game seed: 8614131410889310517

235 jimonade the Magician (level 6, -5/40 HPs)
             Began as a Djinni Conjurer on Oct 11, 2022.
             Shot with an arrow by a centaur (7 damage)
             ... on level 5 of the Dungeon.
             The game lasted 00:06:09 (2974 turns).

jimonade the Magician (Djinni Conjurer)             Turns: 2974, Time: 00:06:10

Health: -5/40      AC:  3    Str:  8    XL:     6   Next: 26%
Gold:   225        EV: 12    Int: 20    God:
                   SH:  5    Dex: 11

rFire   + + .      SeeInvis .    a - +1 trident (antimagic)
rCold   x . .      Faith    .    (no shield)
rNeg    . . .      Spirit   .    d - +0 robe
rPois   ∞          Reflect  +    (no helmet)
rElec   .          Harm     .    (no cloak)
rCorr   .          Rampage  .    b - +0 pair of gloves
Will    .....                    (boots unavailable)
Stlth   ++........               s - amulet of reflection
HPRegen 0.26/turn                (no ring)
MPRegen 0.00/turn                (no ring)

@: flying
A: sickness immunity, fire resistance 2, cold vulnerability 1, float, innate
caster, HP casting, extra vitality 1
a: no special abilities


You were on level 5 of the Dungeon.
You visited 1 branch of the dungeon, and saw 5 of its levels.

You collected 225 gold pieces.

Inventory:

Hand Weapons
 a - a +1 antimagic trident (weapon)
 m - a +0 quarterstaff
 u - a +0 arbalest
 A - a +0 vorpal sling
Armour
 b - a +0 pair of gloves (worn)
 d - a +0 robe (worn)
 j - a +0 chain mail
 t - a +0 leather armour
 w - a +0 leather armour
Magical Staves
 x - a staff of poison
Jewellery
 s - an amulet of reflection (around neck)
Wands
 y - a wand of flame (29)
Scrolls
 c - 3 scrolls of magic mapping {unknown}
 e - 3 scrolls of identify {unknown}
 h - a scroll of immolation {unknown}
 k - 3 scrolls of fear {unknown}
 l - 4 scrolls of teleportation {unknown}
 n - a scroll of brand weapon {unknown}
 o - 3 scrolls of enchant armour {unknown}
 p - a scroll of butterflies {unknown}
 r - a scroll of enchant weapon {unknown}
 v - 4 scrolls of amnesia {unknown}
 z - a scroll of acquirement {unknown}
Potions
 f - a potion of flight {unknown}
 g - a potion of ambrosia {unknown}
 i - 3 potions of curing {unknown}
 q - a potion of brilliance {unknown}
 B - a potion of resistance {unknown}


   Skills:
 - Level 2.1 Dodging
 - Level 1.5 Stealth
 + Level 5.5 Spellcasting


You couldn't memorise any spells.
You knew the following spells:

 Your Spells              Type           Power      Damage    Failure   Level
a - Magic Dart            Conj           100%       1d8       1%          1
b - Searing Ray           Conj           54%        2d6       1%          2
c - Dazzling Flash        Conj/Hex       54%        N/A       3%          3
d - Fulminant Prism       Conj/Hex       13%        3d9       11%         4
e - Iskenderun's Mystic   Conj/Tloc      27%        2d7       11%         4
f - Shock                 Conj/Air       100%       1d9       1%          1
g - Static Discharge      Conj/Air       54%        2-5/arc   1%          2
Your spell library was empty.

Dungeon Overview and Level Annotations

Branches:
Dungeon (5/15)
 Temple: D:4-7

Altars:
Nemelex Xobeh

Annotations:
D:2 Sigmund
D:4 1 runed translucent door, bchevrier's ghost, novice GnWn


Innate Abilities, Weirdness & Mutations

You are immune to sickness and miasma.
You are immune to poison.
Your flesh is very heat resistant. (rF++)
You are vulnerable to cold. (rC-)
You float through the air rather than walking.
You learn spells naturally, not from books.
Your magical power is your life essence.
You have superior vitality. (+4 MHP)


Message History

Aiming: Searing Ray (safe; 1% risk of failure)
Press: ? - help, Shift-Dir - straight line, f/p - iguana
Aim: an iguana (lightly wounded, 82% to hit)
The searing ray hits the iguana.
The iguana is heavily wounded. (Press . to maintain the ray.)
The searing ray hits the iguana.
The iguana is severely wounded.
The searing ray hits the iguana.
You kill the iguana!
Bchevrier's ghost turns its malevolent gaze towards you.
Found a stone staircase leading up.
You now have 204 gold pieces (gained 14).
You now have 217 gold pieces (gained 13).
There is a stone staircase leading up here.
Could not explore, unopened runed door.
Could not explore, unopened runed door.
There is a stone staircase leading down here.
You fly downwards.
Found 28 gold pieces and a manual of Air Magic.
There is a stone staircase leading up here.
You now have 225 gold pieces (gained 8).
B - a fuming coppery potion
Found 26 gold pieces.
Found a stone staircase leading up.
A centaur comes into view.
Found a scroll labelled FIETIF OSTRY.
Found a stone staircase leading down.
The centaur wields a +0 shortbow.
The centaur shoots an arrow.
The arrow hits you.
You see here a manual of Air Magic.
You pick up a manual of Air Magic.
Unfortunately, it's quite useless to you.
The centaur shoots an arrow.
The arrow hits you!
The centaur shoots an arrow.
The arrow hits you!
The centaur shoots an arrow.
The arrow hits you!
* * * LOW HITPOINT WARNING * * *
The centaur shoots an arrow.
The arrow hits you!
* * * LOW HITPOINT WARNING * * *
The centaur shoots an arrow.
The arrow closely misses you.
The centaur shoots an arrow.
The arrow hits you!
You die...

#.$.........## .
#c.........? ...#
##.##.......# ....
#..#.........
.......######............
... .....................
.... #.##................
#...#................<..
##...#....##@##......####
.......#......<......$#
#......#..#..........
#..##.......##.......
##...#.....### ......
#...........# ##...
....#............ .. .
#......###.$# .
.......... #..


You could see a centaur.

Vanquished Creatures
  A hound (D:3)
  An iguana (D:4)
  3 gnolls (D:4)
  5 adders
  An ufetubus (D:4)
  2 worms
  2 dart slugs
  3 orcs
  8 bats
  7 endoplasms
  3 giant cockroaches
  7 goblins
  5 hobgoblins
  12 jackals
  7 kobolds
  2 quokkas
  6 ball pythons
  A frilled lizard (D:2)
  4 rats
80 creatures vanquished.

Notes
Turn   | Place    | Note
-------+----------+-------------------------------------------
     0 | D:1      | jimonade the Djinni Conjurer began the quest for the Orb.
     0 | D:1      | jimonade set off with the following spells memorised: Magic
                  | Dart, Searing Ray, Dazzling Flash, Fulminant Prism,
                  | Iskenderun's Mystic Blast.
     0 | D:1      | Reached XP level 1. HP: 15/15 MP: 0/0
   120 | D:1      | Reached XP level 2. HP: 20/21 MP: 0/0
   499 | D:1      | Reached XP level 3. HP: 25/25 MP: 0/0
   499 | D:1      | Learned a level 1 spell: Shock
   499 | D:1      | Found a faded altar of an unknown god.
   597 | D:1      | Reached skill level 4 in Spellcasting
  1200 | D:2      | Reached XP level 4. HP: 24/31 MP: 0/0
  1313 | D:2      | Noticed Sigmund
  1814 | D:3      | Reached XP level 5. HP: 29/35 MP: 0/0
  1814 | D:3      | Learned a level 2 spell: Static Discharge
  2123 | D:4      | Reached skill level 5 in Spellcasting
  2234 | D:4      | Found a runed translucent door.
  2234 | D:4      | Noticed bchevrier's ghost (novice GnWn)
  2429 | D:4      | Reached XP level 6. HP: 35/40 MP: 0/0
  2627 | D:4      | Found a sparkling altar of Nemelex Xobeh.
  2941 | D:5      | Entered Level 5 of the Dungeon
  2972 | D:5      | HP: 2/40 [centaur/arrow (8)]
  2974 | D:5      | Shot with an arrow by a centaur

Illustrated notes

Levels and vault maps discovered:
D:1:      ebering_hopf_link, layout_basic, shapermc_ecumenical_altar_flowoftime,
          minmay_hexomino_p4
D:2:      layout_basic, uniq_sigmund
D:3:      layout_rooms, nicolae_overflow_hidden_temple
D:4:      layout_basic, nemelex_xobeh_ov_fountains_minmay,
          hellmonk_ghost_happy_afterlife
D:5:      layout_rooms, kennysheep_path_1, kennysheep_nondescript

Skill      XL: |  1  2  3  4  5 |
---------------+----------------+-----
Spellcasting   | 4 5 |  5.5
Dodging        | |  2.1
Stealth        | |  1.5

Action                   |  1- 3 |  4- 6 || total
-------------------------+-------+-------++-------
 Cast: Magic Dart        |    65 |    67 ||   132
       Searing Ray       |     3 |    13 ||    16
Armor: Robe              |     1 |     1 ||     2
Dodge: Dodged            |     3 |    10 ||    13
Block: Other             |       |     2 ||     2

Table legend: (Time is in decaauts)
 A = Elapsed time spent in this place.
 B = Non-inter-level travel time spent in this place.
 C = Inter-level travel time spent in this place.
 D = Time resting spent in this place.
 E = Time spent auto-exploring this place.
 F = Levels seen in this place.
 G = Mean time per level.
                   A        B        C        D        E       F      G
               +--------+--------+--------+--------+--------+-----+--------+
         Total |   2972 |   2890 |     82 |     14 |   2390 |   5 |  594.4 |
       Dungeon |   2972 |   2890 |     82 |     14 |   2390 |   5 |  594.4 |
               +--------+--------+--------+--------+--------+-----+--------+

Top non-repeatable levels by time:
     D:1: 980 daAuts
     D:4: 895 daAuts
     D:2: 549 daAuts
     D:3: 513 daAuts
     D:5: 32 daAuts
